 Dungeon Crawl Stone Soup version 0.31.0-11-ge490571c62 (webtiles) character file.

Game seed: 9100397476860914822

23 Arcadio the Chopper (level 2, 27/27 HPs)
             Began as a Hill Orc Monk on Jan 26, 2024.
             Was an Initiate of Gozag.
             Quit the game on level 1 of the Dungeon.
             The game lasted 00:01:41 (617 turns).

Arcadio the Chopper (Hill Orc Monk)                  Turns: 617, Time: 00:01:42

Health: 27/27      AC:  3    Str: 13    XL:     2   Next: 95%
Magic:  2/2        EV: 12    Int: 10    God:    Gozag
Gold:   45         SH:  0    Dex: 13    Spells: 1/1 levels left

rFire   . . .        a - +0 hand axe
rCold   . . .        d - orb {light}
rNeg    . . .        j - +0 leather armour
rPois   .            (no helmet)
rElec   .            (no cloak)
rCorr   .            (no gloves)
SInv    .            (no boots)
Will    .....        (no amulet)
Stlth   +            h - ring of flight
HPRegen 0.24/turn    (no ring)
MPRegen 0.08/turn

%: no passive effects
@: flying, glowing
A: no striking features
a: Renounce Religion, Potion Petition, Call Merchant, Bribe Branch


You were on level 1 of the Dungeon.
You worshipped Gozag.
Gozag was noncommittal.
You visited 1 branch of the dungeon, and saw 1 of its levels.

You collected 45 gold pieces.

Inventory:

Hand Weapons
 a - a +0 hand axe (weapon)
Armour
 b - a +0 robe
 d - an orb of light (worn)
 j - a +0 leather armour (worn)
Jewellery
 h - a ring of flight (left hand)
 i - a +5 ring of evasion
Scrolls
 f - a scroll of enchant armour {unknown}
 l - a scroll of brand weapon {unknown}
Potions
 c - a potion of ambrosia
 e - a potion of lignification {unknown}
 g - a potion of brilliance {unknown}
 k - a potion of degeneration {unknown}


   Skills:
 + Level 4.1 Fighting
 + Level 4.5 Axes
 + Level 1.3 Armour
 - Level 2.4 Dodging


You had one spell level left.
You didn't know any spells.
Your spell library was empty.

Dungeon Overview and Level Annotations

Branches:
Dungeon (1/15)

Altars:
Gozag


Message History

You hit the plant. x2; The bat hits you but does no damage.
The bat closely misses you.
The bat hits the plant.
The plant begins to die.
A nearby plant withers and dies.
The bat hits you but does no damage. x2
You closely miss the bat.
The bat is moderately wounded.
You hit the plant.
A nearby plant withers and dies.
The bat barely misses you.
You barely miss the bat.
The bat is moderately wounded.
A nearby plant withers and dies.
The bat hits you but does no damage.
You hit the bat but do no damage.
The bat is moderately wounded.
The bat barely misses you. The bat hits you.
You hit the bat.
The bat is heavily wounded.
The bat closely misses you.
You barely miss the bat.
The bat is heavily wounded.
The bat hits you but does no damage.
You hit the bat.
The bat is severely wounded.
The bat closely misses you. The bat hits you.
The bat hits you but does no damage.
You closely miss the bat.
The bat is severely wounded.
The bat hits you but does no damage.
You hit the bat.
You kill the bat!
You see here a bat corpse.
Found a faded altar of an unknown god.
There is a faded altar of an unknown god here.
This altar belongs to (a) Fedhas, (b) the Shining One or (c) Gozag, but you can't tell which.
Press the corresponding letter to learn more about a god, or press enter to convert or escape to cancel.
Gozag accepts your prayer! Gozag welcomes you!
Gozag waives the service fee.
Unknown command.
Press < or > to pray at altars.
Okay, then.
There's something in the way.
Are you sure you want to abandon this character and quit the game? (Confirm with "yes".)

#.............
#.###...#...#>
####.####.###.#..
#.....###.###.#..
#.###............
#.# #.#######.#..
######.# #†#.. ###
#8#....# #.#.#
#.### #@#..###
#####.#.# #.#P##
###.##.# #.....#.#
#.#.(## ###~~P##.#
#.#####..
##.#...###.~.P.##.#
#.# ##...
#..~~..†P.~.PP###.#
#.###....
#..#P~~~~~.#### #.#
#.##.#...
#..#.P...####
#.#####.##.....
#..#PP####..#
#.............)
#..####.....#
#.#####.#..##..


There were no monsters in sight!

Vanquished Creatures
  A dart slug (D:1)
  2 endoplasms (D:1)
  3 giant cockroaches (D:1)
  A goblin (D:1)
  3 hobgoblins (D:1)
  2 kobolds (D:1)
  2 ball pythons (D:1)
  2 bats (D:1)
  2 rats (D:1)
18 creatures vanquished.

Notes
Turn   | Place    | Note
-------+----------+-------------------------------------------
     0 | D:1      | Arcadio the Hill Orc Monk began the quest for the Orb.
     0 | D:1      | Reached XP level 1. HP: 19/19 MP: 1/1
   215 | D:1      | Reached XP level 2. HP: 23/27 MP: 2/2
   245 | D:1      | Reached skill level 1 in Armour
   610 | D:1      | Found a faded altar of an unknown god.
   616 | D:1      | Prayed at the altar of an unknown god.
   616 | D:1      | Became a worshipper of Gozag Ym Sagoz the Greedy
   617 | D:1      | Quit the game

Illustrated notes

Levels and vault maps discovered:
D:1:      dpeg_arrival_refuge, layout_loops_ring,
          shapermc_ecumenical_altar_hornbeckon

Skill      XL: |  1  2 |
---------------+-------+-----
Armour         | 1 |  1.3
Fighting       | 4 |  4.1
Axes           | |  4.5
Dodging        | |  2.4

Action                     || total
---------------------------++-------
  Melee: Hand axe          ||    58
 Armour: Leather armour    ||    33
         Robe              ||     3
  Dodge: Dodged            ||    31
